Cogmind - Beta 14 *** ADVENTURER MODE // 2024.10.09 @ 09:57:46 Player: Jefffff Result: Destroyed by as-45599 with Assembled Blade Performance ------------- Evolutions (0) 0 Regions Visited (2) 400 Robots Destroyed (0) 0 Value Destroyed (0) 0 Prototype IDs (0) 0 Alien Tech Used (0) 0 Bonus (0) 0 TOTAL SCORE: 400 Bonus ------- None Cogmind --------- Core Integrity 0/250 Matter 233/300 Energy 69/100 System Corruption 8% Temperature Cool (0) Movement Rolling (90) Location -10/Mines Parts ------- > --- POWER (1) -------- (None) > --- PROPULSION (2) --- Wheel Compact Wheel > --- UTILITY (2) ------ Small Storage Unit Tractor Beam > --- WEAPON (2) ------- (None) > --- INVENTORY (8) ---- Aluminum Leg Aluminum Leg Wheel Assault Rifle Peak State ------------ > --- POWER ------------ Light Ion Engine > --- PROPULSION ------- Compact Wheel Compact Wheel > --- UTILITY ---------- Small Storage Unit > --- WEAPON ----------- Small Laser Small Laser > --- INVENTORY -------- (None) [Rating: 6] Favorites ----------- Power Light Ion Engine Engine Light Ion Engine Propulsion Compact Wheel Wheel Compact Wheel Utility Small Storage Unit Device Tractor Beam Storage Small Storage Unit Weapon Small Laser Energy Gun Small Laser Build | -11 -10 -10 ------- Run | Yrd Mat Min Slots Evolved . | . . . Power . | . . . Propulsion . | . . . Utility . | . . . Weapon . | . . . Parts Attached 14 | 6 . 8 Power 4 | 1 . 3 Engine 4 | 1 . 3 Core . | . . . Reactor . | . . . Propulsion 6 | 2 . 4 Treads . | . . . Leg . | . . . Wheel 6 | 2 . 4 Hover . | . . . Flight . | . . . Utility 2 | 1 . 1 Device 1 | . . 1 Storage 1 | 1 . . Processor . | . . . Hackware . | . . . Protection . | . . . Artifact . | . . . Weapon 2 | 2 . . Energy Gun 2 | 2 . . Energy Cannon . | . . . Ballistic Gun . | . . . Ballistic Cannon . | . . . Launcher . | . . . Special Weapon . | . . . Impact Weapon . | . . . Slashing Weapon . | . . . Piercing Weapon . | . . . Special Melee Weapon . | . . . Unidentified Prototypes . | . . . Parts Lost 7 | . . 7 Power 2 | . . 2 Propulsion 3 | . . 3 Utility . | . . . Weapon 2 | . . 2 Highest Loss Streak 5 | . . 5 To Critical Strikes . | . . . Average Slot Usage (%) 76 | . 85 75 Engine 10 | . 14 10 Wheel 28 | . 28 28 Storage 14 | . 14 14 Energy Gun 22 | . 28 22 Peak Build Rating 6 | 6 6 6 Average Rating 5 | 4 6 5 On Entrance 4 | . 6 6 Naked Turns . | . . . Heaviest Build 10 | 10 10 10 Greatest Support 32 | 32 32 32 Greatest Overweight (x) 1 | . . 1 Average Overweight (x) . | . . . Largest Inventory Capacity 8 | 8 8 8 Average Capacity 7 | 6 8 8 Most Carried 4 | 4 4 4 Average Carried 3 | 1 4 3 Final Capacity 8 | 8 8 8 Final Carried 4 | 4 4 4 Class Distribution -------------------- 100% | Mutant Dominant Class ---------------- Mutant | -10/Materials Mutant | -10/Mines Resources | -11 -10 -10 ----------- Run | Yrd Mat Min Matter Collected 202 | 109 . 93 Remotely 53 | . . 53 Salvage Created 25 | . . 25 Parts . | . . . Haulers Intercepted . | . . . Recyclers Shooed . | . . . Parts Field Recycled . | . . . Retrieved Matter . | . . . Parts Self-Destructed . | . . . Prevented . | . . . Kills | -11 -10 -10 ------- Run | Yrd Mat Min Combat Hostiles Destroyed 2 | . . 2 Guns 2 | . . 2 Classes Destroyed 1 | . . 1 Assembled 2 | . . 2 Best Kill Streak 2 | . . 2 Combat Bots Only 2 | . . 2 Max Kills in Single Turn 1 | . . 1 Gunslinging . | . . . Exploded . | . . . Melee . | . . . Uniques/NPCs Destroyed . | . . . Combat | -11 -10 -10 -------- Run | Yrd Mat Min Hostile Shots Fired 58 | . . 58 Missed 15 | . . 15 Damage Taken 767 | . . 767 Core 262 | . . 262 Absorbed by Shields . | . . . Ignored by Resistances 213 | . . 213 Core Remaining (%) 100 | 100 . . Volleys Fired 7 | . . 7 Largest 2 | . . 2 Hottest 80 | . . 80 Shots Fired 14 | . . 14 Gun 14 | . . 14 Cannon . | . . . Launcher . | . . . Special . | . . . Kinetic . | . . . Thermal 14 | . . 14 Explosive . | . . . Electromagnetic . | . . . Robot Hit Streak 8 | . . 8 Robot Miss Streak 1 | . . 1 Penetration Max . | . . . Secondary Targets . | . . . Shots Hit Robots 9 | . . 9 Core Hits 6 | . . 6 Critical Kills . | . . . Critical Parts Destroyed . | . . . Critical Strikes . | . . . Melee Attacks . | . . . Impact . | . . . Slashing . | . . . Piercing . | . . . Sneak Attacks . | . . . Combat Hostiles . | . . . Follow-up Attacks . | . . . Damage Inflicted 115 | . . 115 Guns 98 | . . 98 Cannons . | . . . Explosions . | . . . Melee . | . . . Ramming 17 | . . 17 Kinetic . | . . . Thermal 98 | . . 98 Explosive . | . . . Electromagnetic . | . . . Impact . | . . . Slashing . | . . . Piercing . | . . . Highest Corruption 8 | . . 8 Average Corruption 7 | . . 7 Corruption Purged . | . . . Corruption Blocked . | . . . Effects 1 | . . 1 Parts Rejected 1 | . . 1 Overload Shots . | . . . Overflow Damage . | . . . Projectiles . | . . . Explosions . | . . . Melee . | . . . Knockbacks . | . . . Impact . | . . . Kinetic . | . . . Secondary . | . . . Self-Inflicted Damage 6 | . . 6 Shots . | . . . Rammed 10 | . . 10 Targets Rammed 10 | . . 10 Kicked . | . . . Crushed . | . . . Highest Temperature 62 | . . 62 Average Temperature 31 | . . 31 Received Heat Transfer 300 | . . 300 Siege Activations . | . . . Robots Corrupted . | . . . Combat Hostiles . | . . . Parts Fried . | . . . Impact Corruptions . | . . . Robots Melted . | . . . Combat Hostiles . | . . . Parts Melted . | . . . Heat Transferred 225 | . . 225 Parts Sabotaged . | . . . Parts Stolen . | . . . Parts Stripped . | . . . Power Chain Reactions . | . . . Alert | -11 -10 -10 ------- Run | Yrd Mat Min Peak Influence . | . . . Initial . | . . . Average . | . . . Maximum Alert Level . | . . . Low Security (%) 100 | 100 100 100 Level 1 . | . . . Level 2 . | . . . Level 3 . | . . . Level 4 . | . . . Level 5 . | . . . High Security . | . . . Max Security . | . . . Squads Dispatched . | . . . Investigation . | . . . Extermination . | . . . Reinforcement . | . . . Assault . | . . . Garrison . | . . . Intercept . | . . . Searches Triggered . | . . . Construction Impeded . | . . . Haulers Reinforced . | . . . Active Scanning Responses . | . . . Cargo Convoy Interrupts . | . . . Stealth | -11 -10 -10 --------- Run | Yrd Mat Min Distress Signals . | . . . Communications Jammed . | . . . Distress Signals . | . . . Times Spotted 9 | . . 9 Peak Tracking Total 7 | . . 7 Tactical Retreats 1 | . . 1 Traps | -11 -10 -10 ------- Run | Yrd Mat Min Traps Triggered . | . . . Indirectly . | . . . Trap Hack Attempts . | . . . Triggered . | . . . Disarmed . | . . . Reprogrammed . | . . . Reused . | . . . Traps Extracted . | . . . Installed . | . . . Triggered . | . . . Machines | -11 -10 -10 ---------- Run | Yrd Mat Min Machines Disabled . | . . . Max in Single Turn . | . . . Machines Repaired . | . . . Machines Dismantled . | . . . Machines Sabotaged . | . . . Overloaded Fab Kills . | . . . Hacking | -11 -10 -10 --------- Run | Yrd Mat Min Machines Accessed . | . . . Terminals . | . . . Fabricators . | . . . Repair Stations . | . . . Recycling Units . | . . . Scanalyzers . | . . . Garrison Access . | . . . Total Hacks . | . . . Successful . | . . . Failed . | . . . Catastrophic . | . . . Database Lockouts . | . . . Manual . | . . . Terminals . | . . . Fabricators . | . . . Repair Stations . | . . . Recycling Units . | . . . Scanalyzers . | . . . Garrison Access . | . . . Terminal Hacks . | . . . Fabricator Hacks . | . . . Repair Station Hacks . | . . . Recycling Unit Hacks . | . . . Scanalyzer . | . . . Garrison Access Hacks . | . . . Unauthorized Hacks . | . . . Terminals . | . . . Fabricators . | . . . Repair Stations . | . . . Recycling Units . | . . . Scanalyzers . | . . . Garrison Access . | . . . Data Cores Recovered . | . . . Used . | . . . Hacking Detections . | . . . Full Trace Events . | . . . Feedback Events . | . . . Feedback Blocked . | . . . Robot Schematics Acquired . | . . . Robots Built . | . . . Authchips . | . . . Time . | . . . Total Robot Build Rating . | . . . Part Schematics Acquired . | . . . Parts Built . | . . . Authchips . | . . . Time . | . . . Total Part Build Rating . | . . . Parts Repaired . | . . . Time . | . . . Parts Recycled . | . . . Recycled Matter . | . . . Retrieved Matter . | . . . Retrieved Components . | . . . Parts Scanalyzed . | . . . Part Schematics Acquired . | . . . Parts Damaged . | . . . Bothacking | -11 -10 -10 ------------ Run | Yrd Mat Min Used RIF Installer . | . . . Robots Hacked . | . . . Non-combat . | . . . Combat . | . . . Robot Hacks Applied . | . . . Relay Couplers Released . | . . . Fabnet Peak Effective % . | . . . Robots Rewired . | . . . Allies Hacked . | . . . Hacks Repelled . | . . . Allies | -11 -10 -10 -------- Run | Yrd Mat Min Total Allies . | . . . Largest Group . | . . . Highest-Rated Group . | . . . Highest-Rated Ally . | . . . Total Orders . | . . . Ally Attacks . | . . . Total Damage . | . . . Kills . | . . . Allies Corrupted . | . . . Allies Melted . | . . . Intel | -11 -10 -10 ------- Run | Yrd Mat Min Robot Analysis Total . | . . . Derelict Logs Recovered . | . . . Drone Launches . | . . . Drone Recoveries . | . . . Exploration | -11 -10 -10 ------------- Run | Yrd Mat Min Turns Passed 205 | 47 20 138 Spaces Moved 162 | 36 21 105 Core 3 | 2 . 1 Treads . | . . . Legs . | . . . Wheels 159 | 34 21 104 Hover . | . . . Flight . | . . . Fastest Speed 50 | 50 100 80 Average Speed 94 | 97 100 92 Slowest Speed 100 | 100 100 100 Overloaded Moves . | . . . Propulsion Burnouts . | . . . Robots Hopped . | . . . Cave-ins Triggered . | . . . Exploration Rate (%) 10 | 3 8 21 Regions Visited 2 Branch Regions 1 Pre-discovered Areas . | . . . Known Exits Taken . | . . . Unknown Exits Taken 2 | 1 1 . Scrap Searched . | . . . Spaces Dug . | . . . Terrain Destroyed . | . . . Melee . | . . . Projectile . | . . . AOE . | . . . Terrain Rammed . | . . . Walls Destroyed . | . . . Machines Disabled . | . . . Actions | -11 -10 -10 --------- Run | Yrd Mat Min Total 195 | 45 20 130 Wait . | . . . Move 160 | 35 20 105 Hop . | . . . Pick Up 4 | 4 . . Fast Attach 11 | 6 . 5 Attach 1 | . . 1 Detach . | . . . Swap 2 | . . 2 Drop . | . . . Fire 7 | . . 7 Melee . | . . . Ram 10 | . . 10 Kick . | . . . Crush . | . . . Escape Stasis . | . . . Rewire . | . . . Trap . | . . . Miscellaneous . | . . . Route ------- -11/Scrapyard -10/Materials -10/Mines History --------- Turn | Location | Event 22 | -11/Scrapyard | Discovered new exit (range 15) 48 | -11/Scrapyard | Entered Materials 53 | -10/Materials | Discovered new exit (range 16) 68 | -10/Materials | Entered Mines 85 | -10/Mines | Assembled infested the area 99 | -10/Mines | Met a Derelict bent on vengeance 157 | -10/Mines | Core integrity fell below 50% 172 | -10/Mines | Core integrity fell below 20% 194 | -10/Mines | Lost 5 parts (2p2n1w) 206 | -10/Mines | Destroyed by as-45599 with Assembled Blade Last Messages --------------- 00157_ Destabilizing: System corrupted (+2). 00158_ Slammed into as-54468. 00160_ Com. Wheel destroyed. 00160_ System corrupted by crushing effect (+4). 00160_ Slammed into as-54468. 00161_ Critical hit (Burn: +80). 00161_ Slammed into as-54468. 00163_ Com. Wheel destroyed. 00163_ System corrupted by crushing effect (+2). 00164_ Acquired Wheel. 00171_ Acquired Lgt. Ion Engine. 00182_ Acquired 15 matter. 00187_ Acquired 13 matter. 00200_ System corrupted: Lgt. Ion Engine rejected. 00203_ Sml. Laser destroyed. 00204_ Wheel destroyed. 00204_ Acquired Tractor Beam. 00205_ Acquired 53 matter. 00206_ Acquired Com. Wheel. Map ----- +----------------------------------------------------+ | ???# ! ##???????????????????????????? | | ???# # # #????????????????????????????? | | ???# # ## #????????????????????????????? | | ???# # ####### ######???????????????????????? | | ???# #????# ## ##??????????????????????? | | ???### #????# # #??????????????????????? | | ?????# ###??# #??????????????????????? | | ?????# #??##### #??????????????????????? | | ?????#### #??????# ##??????????????????????? | | ????????#*#??????# #???????????????????????? | | ????????# ######### ##???????????????????????? | | ????????# ###????????????????????????? | | ????????######## #??????????????????????????? | | ???????????????# #??????????????????????????? | | ???????????????#% #??????????????????????????? | | ???????????????# ##?????????????????????????? | | ???????????????# ##????????????????????????? | | ???????????????# ##???????????????????????? | | ???????????????## #???????????????????????? | | ????????????????# #???????????????????????? | | ????????????????## #???????????????????????? | | ????????????????##a #???????????????????????? | | ??????#### ##### * #???????????????????????? | | ????# aaa##??????????????????????? | | ???# a ###????????????????????? | | ???# a@ !#????????????????????? | | ???# == #???????????????????? | | ???? ## < !%?????????????????? | | ???? ???####### #* ??????????????? | | ????????????????## ## ? ????????????? | | ?????????????????# ##?# ? ??????????? | | ?????????????????# ##???## ????????????? | | ????????????????? ##?????? ???????????? | | ????????????????## #???????? ####???????????? | | ?????????????????# #?????????#??????????????? | | ?????????????????# #????????????????????????? | | ?????????????????# ????????????????????????? | | ?????????????????# ????????????????????????? | | ?????????????????# ????????????????????????? | | ?????????????????## ????????????????????????? | | ?????????????????????????????????????????????? | | ?????????????????????????????????????????????? | | ?????????????????????????????????????????????? | | ?????????????????????????????????????????????? | | ?????????????????????????????????????????????? | | ?????????????????????????????????????????????? | | ?????????????????????????????????????????????? | | ?????????????????????????????????????????????? | | ?????????????????????????????????????????????? | | ?????????????????????????????????????????????? | +----------------------------------------------------+ Best States ------------- Heat Dissipation 25 Energy Generation 10 Energy Capacity 125 Matter Stores 200 Matter Capacity 300 Sight Range 16 Terrain Scan Density 10 Resistance: KI 20 Resistance: TH 20 Resistance: EX 20 Resistance: EM 20 Resistance: I 20 Resistance: S 20 Resistance: P 20 Evasion (%) 44 Offensive Hacking 10 Item Schematics ----------------- None Robot Schematics ------------------ None Fabricated ------------ Nothing Alien Tech Used ----------------- None Achievements -------------- None Challenges ------------ None Game ------ Seed SplicePitchforkShotgun Manual? 0 Play Time 00:03:51 Cumulative 151.1 hours Start 2024.10.09 @ 09:39:30 End 2024.10.09 @ 09:57:46 Sessions 1 Manual Loads 0 Difficulty Adventurer Special Mode None Game No. 199 Rogue 0 Adventurer 199 Explorer 0 Win Type - Total 0 Types 0/0/0/0/0/0/0/0/0 Lore% 56 Gallery% 53 Achievement% 42 Wizard Run 0 Options --------- Layout 2 ASCII 0 Keyboard 0 Movement Mouse Keybinds 0 Fullscreen 2 Font 48/Smallcaps Map View 50x44 Zoom Use 0% Tactical HUD 1 Map Filters NONE Filters NONE Steam 1 RUN: 7bdea1bf-4977-43c2-a6b5-571d4474fad9